Map: Dusty Gorge

Players

IlIlIlIlIll - Winner!

  • Race: Zerg Zerg
  • Spawn Location: 9:00

PureLegacy - Winner!

  • Race: Terran Terran
  • League: Master
  • Spawn Location: 11:00

JustAGuy

  • Race: Terran Terran
  • League: Master
  • Spawn Location: 3:00

Rolo

  • Race: Zerg Zerg
  • Spawn Location: 5:00

VOD

Have the link to the VOD?

Description

Time

  • Played on: Dec. 6, 2018, 12:39 p.m.
  • Length: 6:20
Show
View Real Time Build Order
Export as new Build Order

IlIlIlIlIll Zerg - Winner!

Build Orders: Pool First 

Get SALT Encoding   

  12  0:01  Drone  
  13  0:09  Drone  
  13  0:13  Extractor  
  13  0:30  Spawning Pool  
  13  0:33  Drone  
  13  0:38  Drone  
  14  0:45  Extractor  
  14  0:46  Drone  
  15  0:56  Overlord  
  15  1:18  Metabolic Boost, Zergling x6  
  18  1:30  Zergling x2  
  19  1:34  Queen  
  21  1:43  Overlord  
  21  1:51  Zergling x2  
  22  2:14  Hatchery  
  21  2:16  Zergling x4  
  23  2:23  Zergling x2  
  24  2:31  Queen  
  24  2:35  Drone  
  27  2:45  Drone  
  27  2:47  Overlord  
  28  2:54  Zergling x2  
  24  3:14  Drone x2  
  24  3:15  Drone  
  27  3:20  Zergling x4  
  27  3:21  Zergling x2  
  30  3:33  Zergling x4  
  32  3:37  Zergling x2  
  33  3:44  Zergling x2  
  31  3:48  Zergling x2  
  31  3:53  Zergling x2  
  32  4:00  Drone x4  
  36  4:10  Drone x2  
  38  4:22  Drone, Overlord  
  38  4:25  Drone x5  
  43  4:36  Hatchery  
  42  4:49  Zergling x2  
  42  4:50  Overlord  
  43  4:54  Zergling x8  
  46  5:01  Zergling x2  
  44  5:08  Zergling x2  
  44  5:09  Lair  
  44  5:11  Zergling x2  
  44  5:12  Zergling x8  
  44  5:13  Zergling x2  
  47  5:24  Zergling x4  
  47  5:25  Roach Warren, Zergling x2  
  49  5:30  Zergling x2  
  50  5:37  Zergling x2  
  50  5:40  Zergling x4  
  53  5:44  Overlord  
  53  5:45  Zergling x6  
  53  5:46  Zergling x2  
  57  5:55  Zergling x4  
  59  5:59  Zergling x4  
  59  6:01  Zergling x2  
  59  6:02  Zergling x2  
Show
View Real Time Build Order
Export as new Build Order

PureLegacy Terran - Winner!

Build Orders:  

Get SALT Encoding   

  12  0:02  SCV  
  13  0:14  SCV  
  13  0:20  Supply Depot  
  14  0:27  SCV  
  15  0:30  Refinery  
  15  0:41  SCV  
  16  0:47  Barracks  
  16  0:54  SCV  
  17  1:06  Barracks  
  17  1:17  Barracks  
  17  1:22  SCV  
  18  1:35  Reaper  
  19  1:44  Orbital Command  
  19  1:53  Refinery  
  19  1:54  Reaper  
  20  2:02  Supply Depot  
  20  2:05  Reaper  
  21  2:15  Reaper  
  22  2:17  SCV  
  23  2:26  Reaper  
  24  2:35  Supply Depot  
  24  2:37  SCV  
  24  2:40  Reaper  
  26  2:47  Reaper  
  26  2:49  SCV  
  28  2:59  Reaper  
  29  3:12  Reaper  
  30  3:13  Command Center  
  30  3:15  SCV  
  31  3:23  Reaper  
  31  3:27  SCV  
  31  3:32  Reaper  
  33  3:52  Reaper  
  33  3:54  SCV  
  33  3:55  Reaper  
  36  3:57  Barracks  
  36  3:58  Barracks  
  36  3:59  Supply Depot  
  36  4:06  Engineering Bay  
  36  4:11  Reaper, SCV  
  38  4:24  Reaper  
  38  4:26  SCV  
  38  4:29  Reaper  
  40  4:36  Orbital Command  
  40  4:43  Reaper  
  41  4:49  Reaper  
  41  4:59  Reaper  
  41  5:01  SCV  
  41  5:06  SCV  
  43  5:08  Refinery  
  43  5:09  Refinery  
  43  5:11  Reaper  
  44  5:14  Reaper  
  45  5:22  Reaper  
  45  5:23  SCV  
  45  5:24  SCV  
  48  5:28  Barracks  
  48  5:30  Barracks  
  48  5:31  Reaper  
  48  5:45  SCV  
  48  5:46  Reaper  
  48  5:47  Reaper x2  
  48  5:49  Supply Depot  
  51  5:52  SCV  
  52  6:07  SCV x2  
Show
View Real Time Build Order
Export as new Build Order

JustAGuy Terran 

Build Orders:  

Get SALT Encoding   

  12  0:02  SCV  
  13  0:20  Supply Depot  
  13  0:21  SCV  
  14  0:36  SCV  
  14  0:40  Refinery  
  15  0:44  Barracks  
  15  0:56  Barracks  
  15  1:05  Refinery  
  15  1:08  SCV  
  16  1:26  Barracks  
  16  1:33  Reaper  
  17  1:44  Reaper  
  18  1:54  Orbital Command  
  18  2:05  Reaper  
  19  2:15  Reaper  
  20  2:16  Reaper  
  20  2:22  Supply Depot  
  21  2:37  SCV  
  21  2:38  Reaper  
  23  2:47  Reaper  
  23  2:48  Reaper  
  23  2:50  SCV  
  26  3:13  Reaper  
  27  3:23  SCV  
  27  3:27  Command Center  
  27  3:30  Barracks Tech Lab  
  27  3:35  SCV  
  27  3:47  SCV  
  25  3:49  Reaper x2  
  25  3:53  Reaper  
  28  4:05  Barracks  
  28  4:15  SCV  
  28  4:21  Reaper  
  30  4:30  Reaper  
  31  4:35  SCV  
  31  4:41  Orbital Command  
  27  4:53  Reaper  
  27  4:58  Reaper  
Show
View Real Time Build Order
Export as new Build Order

Rolo Zerg 

Build Orders: Pool First 

Get SALT Encoding   

  12  0:01  Drone  
  13  0:13  Overlord  
  13  0:18  Drone  
  14  0:31  Drone x2  
  14  0:35  Drone  
  17  0:41  Extractor  
  16  0:50  Spawning Pool  
  16  0:51  Drone  
  16  1:15  Hatchery  
  16  1:18  Drone  
  16  1:24  Drone  
  17  1:28  Drone  
  18  1:40  Queen  
  18  1:45  Drone  
  21  1:51  Overlord  
  21  2:05  Zergling x2  
  22  2:10  Zergling x2  
  22  2:14  Zergling x2  
  24  2:22  Spine Crawler  
  23  2:25  Zergling x2  
  23  2:26  Metabolic Boost  
  24  2:32  Zergling x2  
  25  2:39  Zergling x4  
  27  2:44  Queen  
  27  2:45  Zergling x2  
  30  2:52  Baneling Nest  
  30  2:56  Zergling x2  
  30  3:14  Baneling Nest  
  29  3:24  Drone x2  
  29  3:25  Drone x2  
  29  3:26  Drone x2  
  35  3:30  Evolution Chamber  
  35  3:33  Roach Warren  
  33  3:54  Zergling x2  
  33  3:55  Zergling x8  
  36  4:01  Overlord  
  36  4:05  Zerg Missile Weapons Level 1  
  36  4:15  Overlord  
  36  4:31  Roach x4  
  42  4:33  Overlord  
  42  4:53  Roach x3  
  42  4:54  Roach  
  47  5:02  Roach x3  
  47  5:05  Roach x2  
  56  5:08  Roach  
  56  5:09  Roach  
  56  5:10  Overlord  
  56  5:13  Spine Crawler  
  58  5:15  Lair  
  55  5:24  Zergling x6  
  58  5:28  Spine Crawler  
  58  5:32  Spine Crawler  
  56  5:49  Zergling x4  
  55  5:50  Zergling x6  
Tags
 
Add a new tag
Caveats
  • Supply blocks, unpowered buildings, or Contaminate may cause inaccurate times.
  • Supply counts are checked every 10 seconds.